 Dungeon Crawl Stone Soup version 0.31-a0-187-gba352fbbf7 (webtiles) character file.

Game seed: 5744726080580857624

174 pokeman the Magician (level 5, -3/29 HPs)
             Began as a Deep Elf Hedge Wizard on June 23, 2023.
             Was a Follower of Vehumet.
             Slain by a gnoll sergeant
             ... wielding a +2 trident of flaming
              (15 damage)
             ... on level 3 of the Dungeon.
             The game lasted 00:05:47 (2836 turns).

pokeman the Magician (Deep Elf Hedge Wizard)        Turns: 2836, Time: 00:05:48

Health: -3/29      AC:  2    Str:  7    XL:     5   Next: 28%
Magic:  0/15       EV: 13    Int: 21    God:    Vehumet [*.....]
Gold:   67         SH:  0    Dex: 14    Spells: 8/16 levels left

rFire   . . .        r - +0 dagger (vamp)
rCold   . . .        (no shield)
rNeg    . . .        b - +0 robe
rPois   .            c - +0 hat
rElec   .            (no cloak)
rCorr   +            (no gloves)
SInv    .            (no boots)
Will    .....        (no amulet)
Stlth   +            k - ring of resist corrosion
HPRegen 0.24/turn    (no ring)
MPRegen 0.14/turn

%: no passive effects
@: confused
A: no striking features
a: Renounce Religion


You were on level 3 of the Dungeon.
You worshipped Vehumet.
Vehumet was aware of your devotion.
You visited 1 branch of the dungeon, and saw 3 of its levels.

You collected 139 gold pieces.
You spent 72 gold pieces at shops.

Inventory:

Hand Weapons
 r - a +0 vampiric dagger (weapon)
Armour
 b - a +0 robe (worn)
 c - a +0 hat (worn)
 m - a scarf of harm
Magical Staves
 q - the staff of Extermination {Drain Will+ Str-4 Int+3 Earth}
   (You found it on level 2 of the Dungeon)

   [staff of earth]

   Base accuracy: +5 Base damage: 5 Base attack delay: 1.2 This weapon's minimum
   attack delay (0.6) is reached at skill level 12.
   Str:       It affects your strength (-4).
   Int:       It affects your intelligence (+3).
   Drain:     It drains your maximum health when unequipped.
   Earth:     It increases the power of your Earth spells.
   Will:      It increases your willpower.
   It falls into the 'Staves' category.
   It is a one-handed weapon.
Jewellery
 k - a ring of resist corrosion (left hand)
Scrolls
 a - a scroll of revelation {unknown}
 e - 4 scrolls of identify {unknown}
 f - a scroll of blinking {unknown}
 g - a scroll of enchant armour {unknown}
 h - 2 scrolls of vulnerability {unknown}
 i - 4 scrolls of teleportation {unknown}
 j - a scroll of poison {unknown}
 n - a scroll of noise {unknown}
Potions
 d - a potion of magic
 l - a potion of brilliance {unknown}
 o - 2 potions of curing
 p - a potion of haste {unknown}


   Skills:
 - Level 1.0 Fighting
 - Level 1.0 Armour
 - Level 3.0 Dodging
 - Level 3.0 Stealth
 * Level 6.1 Spellcasting
 + Level 2.5 Conjurations
 - Level 1.1 Summonings
 - Level 1.1 Translocations
 + Level 0.2 Air Magic
 + Level 0.2 Earth Magic
 + Level 0.3 Poison Magic
 + Level 0.3 Evocations


You had 8 spell levels left.
You knew the following spells:

 Your Spells              Type           Power      Damage    Failure   Level
a - Magic Dart            Conj           68%        1d6       3%          1
b - Mephitic Cloud        Conj/Pois/Air  10%        N/A       19%         3
c - Call Imp              Summ           22%        N/A       10%         2
d - Blink                 Tloc           22%        N/A       10%         2

Your spell library contained the following spells:

 Spells                   Type           Power      Damage    Failure   Level
 Sandblast                Erth           14%        2d6       9%          1
 Momentum Strike          Conj/Tloc      28%        3d8       7%          2
 Slow                     Hex            24%        N/A       10%         1
 Lesser Beckoning         Tloc           22%        N/A       10%         2
 Cigotuvi's Dreadful Rot  Necr/Pois/Air  14%        N/A       14%         2


Dungeon Overview and Level Annotations

Branches:
Dungeon (3/15)

Altars:
Elyvilon
Fedhas
Vehumet

Shops:
D:2 !:


Message History

The kobold is heavily wounded.
The kobold closely misses you.
Your cerulean imp closely misses the kobold.
Casting: Magic Dart (safe; 3% risk of failure)
Confirm with . or Enter, or press ? or * to list all spells.
The spell is quite dangerous to miscast (19% risk of failure)!
Continue anyway?
Okay, then.
Casting: Mephitic Cloud (quite dangerous; 19% risk of failure)
Confirm with . or Enter, or press ? or * to list all spells.
The spell is quite dangerous to miscast (19% risk of failure)!
Continue anyway?
Aiming: Mephitic Cloud (quite dangerous; 19% risk of failure)
Press: ? - help, Shift-Dir - straight line, f/p - gnoll sergeant
Aim: a gnoll sergeant, wielding a +2 trident of flaming, wearing a +0 scale mail and wearing a +2 buckler (heavily wounded, chance to affect: 81%) That beam is likely to hit you.
Continue anyway?
The ball explodes into a vile cloud!
The stinking cloud engulfs the kobold but does no damage.
The kobold is heavily wounded.
The stinking cloud engulfs you but does no damage.
The stinking cloud engulfs the gnoll sergeant but does no damage.
The gnoll sergeant is heavily wounded.
You are engulfed in noxious fumes.
You choke on the stench!
You are confused.
You feel stable enough to blink again.
Your cerulean imp barely misses the kobold.
The gnoll sergeant closely misses you.
The kobold is engulfed in noxious fumes.
The kobold appears confused.
The kobold closely misses you.
Unknown command.
Your cerulean imp hits the kobold from afar with a -3 spear.
The kobold dies!
Vehumet accepts your kill.
Your magical contamination has completely faded away.
Unknown command.
Unknown command.
You are engulfed in noxious fumes.
You choke on the stench!
You are more confused.
Your cerulean imp barely misses the gnoll sergeant.
The gnoll sergeant hits you with a +2 trident of flaming!
Ouch! That really hurt!
You die...

## ##. #.. .# .. ..# ###
.##.# ..# ##....# #.#
##...# #.#
#@○#.###########.#
#.g°.##...<...##.#
######.○..........##.#
##...#.5###........##..
##......## #.......###.
#......)# #...........
#.......# #######.....
#.......# ###....##..
##...(.#######...######.


You could see a gnoll sergeant (ally target) and a friendly cerulean imp
(summoned).

Vanquished Creatures
  Natasha (D:3)
  8 gnolls
  2 adders
  An ufetubus (D:3)
  A worm (D:2)
  A dart slug (D:1)
  4 ball pythons
  2 endoplasms (D:1)
  A giant cockroach (D:2)
  6 goblins
  2 hobgoblins (D:3)
  A jackal (D:1)
  A kobold (D:2)
  4 quokkas
  3 bats
  3 frilled lizards
  5 rats
46 creatures vanquished.

Vanquished Creatures (collateral kills)
  A kobold (D:3)
1 creature vanquished.

Grand Total: 47 creatures vanquished

Notes
Turn   | Place    | Note
-------+----------+-------------------------------------------
     0 | D:1      | pokeman the Deep Elf Hedge Wizard began the quest for the
                  | Orb.
     0 | D:1      | Reached XP level 1. HP: 10/10 MP: 7/7
    44 | D:1      | You fall into a shaft and drop 1 floor!
   189 | D:2      | Found a radiant altar of Vehumet.
   196 | D:2      | Became a worshipper of Vehumet
   673 | D:2      | Reached XP level 2. HP: 15/15 MP: 6/9
   846 | D:1      | Reached skill level 5 in Spellcasting
   988 | D:1      | Reached XP level 3. HP: 20/20 MP: 7/11
   992 | D:1      | Learned a level 3 spell: Mephitic Cloud
   995 | D:1      | Learned a level 2 spell: Call Imp
   998 | D:1      | Learned a level 2 spell: Blink
  1450 | D:2      | Found Dahami's Book Boutique.
  1553 | D:2      | Reached skill level 1 in Fighting
  1553 | D:2      | Reached skill level 1 in Armour
  1592 | D:2      | Reached * piety under Vehumet
  1592 | D:2      | Offered knowledge of Sandblast by Vehumet.
  1886 | D:2      | Reached XP level 4. HP: 25/25 MP: 3/13
  1978 | D:2      | Found Ockuz's Distillery.
  1985 | D:2      | Bought a potion of curing for 36 gold pieces
  1985 | D:2      | Bought a potion of curing for 36 gold pieces
  2138 | D:2      | Identified the staff of Extermination {Drain Will+ Str-4
                  | Int+3 Earth}
  2347 | D:3      | Noticed Natasha
  2360 | D:3      | Killed Natasha
  2484 | D:3      | Reached skill level 6 in Spellcasting
  2484 | D:3      | Reached XP level 5. HP: 29/29 MP: 6/15
  2510 | D:3      | Found a white marble altar of Elyvilon.
  2603 | D:3      | Found a blossoming altar of Fedhas.
  2836 | D:3      | Slain by a gnoll sergeant

Illustrated notes

Levels and vault maps discovered:
D:1:      ncdulo_wetmaze, layout_basic, minmay_octomino_c4
D:2:      layout_loops_corners, basic_altar, serial_shops,
          nicolae_book_shop_shelving, nicolae_shop_trees
D:3:      minmay_general_purpose_star, layout_rooms, mainiacjoe_overflow_swirl,
          serial_glass, glass_columns_a, glass_columns_a,
          hangedman_glass_garden, uniq_natasha

Skill      XL: |  1  2  3  4  5 |
---------------+----------------+-----
Spellcasting   | 5 6 |  6.1
Fighting       | 1 |  1.0
Armour         | 1 |  1.0
Conjurations   | 2 |  2.5
Stealth        | 3 |  3.0
Dodging        | 3 |  3.0
Summonings     | |  1.1
Translocations | |  1.1
Air Magic      | |  0.2
Earth Magic    | |  0.2
Poison Magic   | |  0.3
Evocations     | |  0.3

Action                     |  1- 3 |  4- 6 || total
---------------------------+-------+-------++-------
  Melee: Dagger            |    10 |    23 ||    33
         Punch             |       |     1 ||     1
   Cast: Magic Dart        |    81 |    44 ||   125
         Mephitic Cloud    |     2 |     6 ||     8
         Call Imp          |     1 |     1 ||     2
         Blink             |       |     1 ||     1
   Stab: Confused          |     1 |     2 ||     3
 Armour: Robe              |     4 |       ||     4
  Dodge: Dodged            |    11 |    18 ||    29

Table legend: (Time is in decaauts)
 A = Elapsed time spent in this place.
 B = Non-inter-level travel time spent in this place.
 C = Inter-level travel time spent in this place.
 D = Time resting spent in this place.
 E = Time spent auto-exploring this place.
 F = Levels seen in this place.
 G = Mean time per level.
                   A        B        C        D        E       F      G
               +--------+--------+--------+--------+--------+-----+--------+
         Total |   2841 |   2774 |     67 |    259 |   2103 |   3 |  947.0 |
       Dungeon |   2841 |   2774 |     67 |    259 |   2103 |   3 |  947.0 |
               +--------+--------+--------+--------+--------+-----+--------+

Top non-repeatable levels by time:
     D:2: 1562 daAuts
     D:1: 709 daAuts
     D:3: 569 daAuts
